 Dungeon Sprint DCSS version 0.17-a0-1646-geb1493d (webtiles) character file.

1056 nuthulu the Thrower (level 8, -4/87 HPs)
             Began as a Troll Hunter on Aug 10, 2015.
             Engulfed by a cloud of flame (18 damage)
             ... in the Dungeon (Sprint II: "The Violet Keep of Menkaure").
             The game lasted 00:03:11 (405 turns).

nuthulu the Thrower (Troll Hunter)                   Turns: 405, Time: 00:03:11

Health: -4/87      AC:  7    Str: 23    XL:     8   Next: 6%
Magic:  7/7        EV: 13    Int: 11    God:
Gold:   315        SH:  0    Dex: 12    Spells: 0 memorised, 7 levels left

rFire  . . .     SeeInvis .       - Unarmed
rCold  . . .     Clarity  .     c - +2 robe of a Hundred Realms {Str+2 Int+4}
rNeg   . . .     SustAt   .     (no shield)
rPois  .         Gourm    +     (helmet restricted)
rElec  .         Spirit   .     (no cloak)
rCorr  .         Warding  .     (gloves unavailable)
rMut   .         NoTele   +     (boots unavailable)
MR     .....                    (no amulet)
Stlth  +.........               (no ring)
                                n - ring of flight

@: flying, not resistant to hostile enchantments, very unstealthy
A: unfitting armour, claws 3, fast metabolism 3, gourmand, regeneration 2,
shaggy fur 1, tough skin 2
a: Stop Flying


You were in the Dungeon.
You were hungry.

You visited 1 branch You collected 972 gold pieces.
You spent 657 gold pieces at shops.

Inventory:

Missiles
 a - 5 large rocks (quivered)
 b - 2 throwing nets
Armour
 c - the +2 robe of a Hundred Realms (worn) {Str+2 Int+4}
   (You bought it in a shop in the Dungeon)

   It affects your strength (+2).
   It affects your intelligence (+4).
 d - a +0 robe
Jewellery
 n - a ring of flight (left claw)
Scrolls
 k - a scroll of blinking
Potions
 f - a potion of curing
 h - a potion of haste
 i - 2 potions of magic
 j - 2 potions of flight
 l - a potion of berserk rage
 m - a potion of might
Comestibles
 e - 2 bread rations


   Skills:
 + Level 7.6 Fighting
 + Level 9.0 Throwing
 + Level 7.6 Dodging
 - Level 0.4 Stealth
 + Level 8.9 Unarmed Combat


You had 7 spell levels left.
You didn't know any spells.

Dungeon Overview and Level Annotations

Branches:
Dungeon (1/1)

Altars:

Shops:
D [:=(*!?!=}}!:[%%

Annotations:
D exclusion: oklob plant, Kirke


Innate Abilities, Weirdness & Mutations

You are too large for most types of armour.
You have claws for hands.
Your metabolism is lightning-fast.
You like to eat raw meat.
You heal very quickly.
You are covered in fur (AC +1).
You have very tough skin (AC +2).


Message History

The glob of lava hits you!
* * * LOW HITPOINT WARNING * * *
Unknown command.
The lava snake barely misses you. The lava snake spits lava at you.
The glob of lava misses you.
Unknown command.
Drink which item? (? for menu, Esc to quit)
You feel much better. The lava snake spits lava at you.
The glob of lava hits you!
* * * LOW HITPOINT WARNING * * *
The lava snake misses you. The lava snake spits lava at you.
The glob of lava misses you.
Unknown command.
You reach down and open the door.
An elephant, a wyvern, a centaur warrior and Kirke come into view.
You are engulfed in roaring flames.
You die...

####+#### # ##§≈§§§§≈##
#l$###§S≈§§§≈≈§##
#..'@S§≈≈≈≈≈≈≈≈#
#Yc@####SS§§§§≈≈§# #
≈##§≈§§§≈≈#
############≈≈#§§'#+++##
###########≈≈≈.........#
##.∩.∩....#≈≈≈≈.##'##..#
##..∩.∩...#≈≈≈≈###..##.#
##
##...∩.∩..#≈≈≈≈#.##..# .
.#
##....∩.⌠.#≈≈####.#.####
.##


You could see Kirke (sleeping), an elephant (sleeping), a centaur warrior
(sleeping), a wyvern (sleeping) and 4 lava snakes.

Vanquished Creatures
  A boulder beetle (D)
  2 hippogriffs (D)
  Menkaure (D)
  4 necrophages (D)
  3 worms (D)
11 creatures vanquished.

Vanquished Creatures (others)
  A boulder beetle (D)
1 creature vanquished.

Grand Total: 12 creatures vanquished

Notes
Turn   | Place    | Note
--------------------------------------------------------------
     0 | D        | nuthulu the Troll Hunter began the quest for the Orb.
     0 | D        | Reached XP level 1. HP: 19/19 MP: 0/0
     2 | D        | Noticed a hippogriff
     2 | D        | Noticed a hippogriff
     8 | D        | Reached skill level 1 in Unarmed Combat
    10 | D        | Reached skill level 4 in Throwing
    12 | D        | Reached XP level 2. HP: 28/28 MP: 1/1
    35 | D        | Noticed a necrophage
    35 | D        | Noticed a necrophage
    35 | D        | Noticed a necrophage
    35 | D        | Noticed a necrophage
    48 | D        | Killed a necrophage
    48 | D        | Reached skill level 5 in Throwing
    48 | D        | Reached XP level 3. HP: 17/36 MP: 2/2
    48 | D        | Reached XP level 4. HP: 21/45 MP: 3/3
    50 | D        | Killed a necrophage
    50 | D        | Reached skill level 6 in Throwing
    50 | D        | Reached skill level 5 in Unarmed Combat
    50 | D        | Reached XP level 5. HP: 21/52 MP: 4/4
    53 | D        | Killed a necrophage
    53 | D        | Reached skill level 5 in Fighting
    53 | D        | Reached skill level 5 in Dodging
    57 | D        | Killed a necrophage
    57 | D        | Reached skill level 7 in Throwing
    57 | D        | Reached XP level 6. HP: 16/62 MP: 5/5
   197 | D        | Noticed a boulder beetle
   197 | D        | Noticed a boulder beetle
   203 | D        | Killed a hippogriff
   207 | D        | Killed a hippogriff
   207 | D        | Reached skill level 8 in Throwing
   207 | D        | Reached XP level 7. HP: 71/71 MP: 6/6
   226 | D        | Found Vypiun's Food Emporium.
   226 | D        | Found Abryhoint's Book Shoppe.
   226 | D        | Found Bium's Food Shoppe.
   226 | D        | Found Pemip's Distillery.
   227 | D        | Found Merutru's Antique Armour Emporium.
   227 | D        | Found Gainliyl's Gadget Shoppe.
   227 | D        | Found Kotis's Jewellery Emporium.
   227 | D        | Found Quko's Distillery.
   228 | D        | Found Waurgh's Magic Scroll Emporium.
   228 | D        | Found Moireyst's Distillery.
   228 | D        | Found Emenula's Assorted Antiques.
   229 | D        | Found Catisipit's Gadget Emporium.
   230 | D        | Found Gaib's Antique Weapon Shoppe.
   230 | D        | Found Vilag's Jewellery Emporium.
   230 | D        | Noticed Menkaure
   230 | D        | Noticed an iron elemental
   230 | D        | Noticed an oklob plant
   231 | D        | Found Waudghev's Antique Armour Shoppe.
   231 | D        | Found Toid Ehe's Book Shoppe.
   233 | D        | Noticed a black bear
   234 | D        | Noticed a black bear
   234 | D        | Noticed a black bear
   236 | D        | Noticed a slime creature
   236 | D        | Noticed a slime creature
   244 | D        | Killed Menkaure
   261 | D        | Bought a steaming robe for 148 gold pieces
   271 | D        | Identified the +2 robe of a Hundred Realms {Str+2 Int+4} (You bought it in a shop in the Dungeon)
   274 | D        | Bought a potion of heal wounds for 70 gold pieces
   274 | D        | Bought a potion of heal wounds for 70 gold pieces
   276 | D        | Bought 2 potions of flight for 84 gold pieces
   276 | D        | Bought a potion of berserk rage for 70 gold pieces
   283 | D        | Bought a potion of might for 40 gold pieces
   296 | D        | Bought an uncursed ring of flight for 175 gold pieces
   325 | D        | Noticed a kraken
   339 | D        | Killed a boulder beetle
   350 | D        | Killed a boulder beetle
   350 | D        | Reached skill level 9 in Throwing
   350 | D        | Reached XP level 8. HP: 66/82 MP: 7/7
   376 | D        | Noticed an ice statue
   392 | D        | Noticed a lava snake
   393 | D        | Noticed a lava snake
   394 | D        | Noticed a lava snake
   394 | D        | Noticed a lava snake
   400 | D        | HP: 1/87 [lava snake/glob of lava (19)]
   405 | D        | Noticed a wyvern
   405 | D        | Noticed an elephant
   405 | D        | Noticed a centaur warrior
   405 | D        | Noticed Kirke
   405 | D        | Engulfed by a cloud of flame

Vault maps used:
D:        the_violet_keep_of_menkaure

Action                   |  1- 3 |  4- 6 |  7- 9 || total
-------------------------+-------+-------+-------++-------
Melee: Unarmed           |     4 |    10 |    10 ||    24
Throw: Large rock        |    10 |     5 |     9 ||    24
       Throwing net      |       |     1 |     1 ||     2
 Abil: Evoke Flight      |       |       |     1 ||     1
  Use: Potion            |     1 |       |     3 ||     4
 Stab: Held in net/web   |       |       |     2 ||     2
  Eat: Chunk             |     1 |       |       ||     1
